Map: Kairos Junction LE

Players

Denver - Winner!

  • Race: Zerg Zerg
  • League: Master
  • Spawn Location: 11:00

HellraiseR

  • Race: Protoss Protoss
  • League: Master
  • Spawn Location: 5:00

Event: 2019 WCS Winter Europe

VOD

Have the link to the VOD?

Description

Time

  • Played on: Feb. 3, 2019, 9:54 a.m.
  • Length: 11:10

All games in this series

Show
View Real Time Build Order
Export as new Build Order

Denver Zerg - Winner!

Build Orders: Hatch First, Roach Hydra 

Get SALT Encoding   

  12  0:00  Drone  
  13  0:13  Overlord  
  13  0:17  Drone  
  14  0:31  Drone  
  15  0:40  Drone  
  16  0:49  Hatchery  
  15  0:53  Drone  
  15  0:56  Drone  
  17  1:00  Drone  
  18  1:10  Extractor  
  17  1:16  Spawning Pool  
  16  1:19  Drone  
  16  1:22  Drone  
  18  1:29  Drone  
  19  1:39  Drone  
  20  1:51  Drone  
  21  2:03  Queen x2, Zergling x2  
  21  2:04  Zergling x2  
  27  2:12  Overlord  
  27  2:14  Drone  
  28  2:16  Metabolic Boost  
  28  2:30  Drone x2  
  30  2:38  Hatchery  
  30  2:41  Drone  
  30  2:44  Drone  
  31  2:48  Drone  
  31  2:51  Overlord  
  32  2:55  Drone  
  33  2:58  Drone  
  33  3:02  Queen  
  36  3:09  Overlord  
  36  3:12  Drone x2  
  38  3:13  Drone  
  38  3:16  Drone  
  38  3:17  Drone  
  41  3:21  Overlord  
  41  3:26  Queen  
  41  3:31  Overlord  
  43  3:36  Drone  
  44  3:42  Drone x2  
  44  3:46  Drone x3  
  44  3:48  Queen  
  51  3:50  Drone x2  
  53  3:56  Spore Crawler  
  53  3:58  Drone  
  53  4:01  Drone  
  53  4:02  Spore Crawler  
  53  4:03  Spore Crawler  
  53  4:09  Evolution Chamber, Drone  
  52  4:13  Queen  
  52  4:14  Drone  
  55  4:20  Drone x4  
  55  4:21  Drone  
  55  4:22  Overlord  
  61  4:28  Overlord  
  61  4:33  Roach Warren, Drone x2  
  62  4:39  Drone x2  
  62  4:42  Lair  
  62  4:44  Overlord  
  63  4:46  Overlord  
  63  4:50  Extractor x2  
  61  4:55  Drone x7  
  68  5:00  Zergling x2  
  68  5:01  Zergling x6  
  68  5:05  Queen  
  74  5:13  Roach x4  
  82  5:19  Roach x4  
  90  5:24  Drone x4  
  94  5:32  Overlord  
  94  5:33  Roach  
  94  5:34  Roach  
  96  5:36  Overlord  
  96  5:39  Overlord, Extractor  
  96  5:42  Glial Reconstitution  
  95  5:46  Roach  
  95  5:47  Overlord  
  95  5:51  Overlord  
  95  5:52  Overlord  
  92  5:59  Drone x7  
  92  6:03  Overseer  
  92  6:04  Evolution Chamber  
  96  6:05  Extractor, Hydralisk Den  
  96  6:08  Extractor  
  96  6:10  Drone x4  
  97  6:11  Baneling Nest  
  97  6:14  Roach x3  
  102  6:19  Overseer  
  102  6:21  Roach x2  
  106  6:26  Drone x2  
  106  6:27  Roach x2  
  112  6:37  Roach x6  
  118  6:43  Roach x4  
  118  6:46  Queen  
  116  6:48  Overseer  
  116  6:50  Zerg Missile Weapons Level 1  
  116  6:55  Zergling x8  
  120  7:02  Centrifical Hooks  
  120  7:03  Roach x2  
  120  7:04  Zergling x4  
  127  7:15  Drone x2  
  127  7:19  Overlord  
  127  7:20  Zergling x8  
  127  7:21  Hatchery  
  131  7:27  Overlord  
  130  7:36  Roach x7  
  134  7:37  Overlord  
  134  7:40  Zergling x2  
  134  7:41  Zergling x4  
  131  7:51  Zergling x12  
  131  7:55  Grooved Spines  
  131  8:05  Hatchery, Baneling x13  
  128  8:09  Ravager x3  
  128  8:11  Zergling x8  
  135  8:18  Roach x3  
  140  8:28  Roach x5  
  144  8:40  Roach x6  
  139  8:51  Roach x7  
  148  9:02  Roach x5  
  151  9:06  Muscular Augments  
  146  9:11  Hydralisk x4  
  146  9:16  Baneling x4  
  146  9:17  Overlord  
  152  9:19  Hydralisk  
  152  9:20  Hydralisk  
  152  9:21  Ravager  
  152  9:22  Overlord  
  157  9:27  Hydralisk  
  157  9:28  Hydralisk  
  153  9:34  Hydralisk  
  153  9:35  Hydralisk x2  
  152  9:43  Hydralisk x3  
  144  9:46  Drone x6  
  144  9:48  Extractor  
  144  9:51  Hydralisk x2  
  149  9:57  Hydralisk x3  
  155  10:04  Hydralisk x2  
  159  10:09  Hydralisk x2  
  159  10:12  Zergling x10  
  166  10:19  Roach x4  
  174  10:21  Overlord  
  174  10:23  Overlord  
  174  10:25  Roach  
  174  10:26  Roach  
  178  10:32  Roach  
  178  10:33  Overlord  
  180  10:55  Lurker Den  
Show
View Real Time Build Order
Export as new Build Order

HellraiseR Protoss 

Build Orders: 1 Gate Expand, Oracle Opening, Phoenix Opening, Archon Immortal, Archon Drop 

Get SALT Encoding   

  12  0:00  Probe  
  13  0:12  Probe  
  14  0:18  Pylon  
  14  0:21  Probe  
  15  0:32  Probe  
  15  0:38  Gateway  
  16  0:43  Probe  
  16  0:46  Assimilator  
  17  0:55  Probe  
  18  1:07  Probe  
  19  1:20  Nexus  
  19  1:23  Probe  
  20  1:34  Cybernetics Core  
  20  1:36  Probe  
  21  1:42  Assimilator  
  21  1:48  Probe  
  21  1:52  Pylon  
  22  1:58  Probe  
  22  2:00  Adept  
  23  2:06  Probe  
  23  2:15  Probe  
  27  2:23  Stargate  
  27  2:27  Probe  
  27  2:28  Probe  
  28  2:30  Adept  
  28  2:36  Warp Gate, Probe  
  31  2:39  Probe  
  33  2:46  Probe  
  34  2:51  Probe  
  34  2:58  Phoenix, Gateway  
  35  2:59  Probe  
  35  3:03  Probe  
  37  3:11  Probe, Pylon  
  40  3:13  Oracle  
  40  3:15  Probe  
  40  3:16  Assimilator  
  41  3:23  Probe  
  45  3:28  Assimilator  
  45  3:29  Probe  
  46  3:37  Probe  
  48  3:41  Probe  
  48  3:42  Robotics Facility  
  48  3:49  Probe, Pylon  
  48  3:53  Probe  
  50  3:57  Twilight Council  
  50  4:01  Probe  
  51  4:05  Probe  
  52  4:13  Probe  
  53  4:17  Probe  
  53  4:18  Gateway  
  53  4:19  Gateway  
  53  4:24  Gateway x2, Warp Prism  
  54  4:28  Zealot  
  58  4:42  Charge  
  58  4:45  Pylon  
  58  4:48  Templar Archives  
  58  5:00  Nexus  
  58  5:02  Probe  
  58  5:03  Probe  
  60  5:08  Pylon  
  60  5:14  Probe  
  60  5:15  Probe  
  60  5:16  Pylon  
  62  5:23  Forge  
  62  5:24  High Templar x4  
  70  5:28  Archon  
  70  5:29  Archon  
  70  5:32  Probe  
  70  5:33  Probe  
  70  5:34  Zealot x2  
  76  5:40  Protoss Ground Weapons Level 1  
  76  5:43  Pylon  
  76  5:46  Probe  
  76  5:51  Probe  
  77  5:58  Zealot x4, Probe  
  77  6:03  Zealot  
  88  6:05  Probe  
  88  6:08  Probe  
  88  6:10  Probe  
  90  6:17  Probe x2  
  92  6:22  Probe  
  94  6:29  Probe  
  94  6:32  Warp Prism  
  95  6:37  Probe  
  95  6:38  Zealot x4  
  95  6:39  Zealot x2  
  106  6:41  Probe  
  106  6:43  Probe  
  82  6:49  Probe  
  82  6:50  Assimilator  
  82  6:52  Assimilator, Gateway  
  82  6:53  Probe  
  80  6:54  Gateway  
  80  6:55  Probe  
  80  6:59  Gateway  
  81  7:04  High Templar x2  
  81  7:05  Sentry, High Templar  
  81  7:06  Zealot, High Templar  
  81  7:08  Immortal  
  97  7:12  Archon x2  
  97  7:13  Probe  
  98  7:20  Pylon x2  
  98  7:23  Gateway  
  98  7:29  Zealot x2  
  102  7:35  Immortal  
  94  7:38  Zealot x3  
  94  7:39  Zealot, Probe  
  94  7:42  Probe  
  91  7:49  Probe  
  94  7:51  Probe  
  94  7:54  Probe  
  96  8:00  Protoss Ground Weapons Level 2  
  96  8:01  High Templar x3  
  96  8:02  Sentry, High Templar  
  96  8:03  Zealot x4  
  114  8:06  Archon x2  
  115  8:20  Zealot  
  117  8:27  Zealot x4  
  117  8:28  Zealot  
  117  8:33  Observer  
  122  8:36  Probe  
  122  8:38  Zealot x3  
  103  8:43  Immortal  
  103  8:44  Zealot x2  
  91  8:51  Zealot x2  
  91  8:52  Zealot x3  
  103  9:02  Zealot x3  
  97  9:10  Zealot x2  
  97  9:13  High Templar x3  
  97  9:14  Zealot, Immortal, High Templar  
  109  9:18  Archon  
  109  9:19  Archon  
  111  9:28  Zealot x3  
  115  9:38  Zealot x2  
  102  9:47  Zealot x2  
  102  9:48  Zealot x4  
  102  9:50  Sentry  
  117  9:52  Probe  
  117  9:54  Pylon  
  117  9:56  Pylon  
  117  10:06  Observer  
  118  10:15  High Templar x6  
  118  10:17  Zealot  
  118  10:19  Pylon x2, Archon x2  
  118  10:20  Pylon, Archon  
  127  10:44  Zealot x3  
  127  10:47  Probe  
  116  10:59  Zealot  
  116  11:00  Zealot x6  
Tags
 
Add a new tag
Caveats
  • Supply blocks, unpowered buildings, or Contaminate may cause inaccurate times.
  • Supply counts are checked every 10 seconds.